[Event "26th Womens ECCC 2022"]
[Site "Mayrhofen"]
[Date "2022.10.04"]
[Round "2.6"]
[White "Saduakassova, Dinara"]
[Black "Roebers, Eline"]
[Result "1/2-1/2"]
[ECO "A13"]
[WhiteElo "2434"]
[BlackElo "2352"]
[Annotator "TA"]
[PlyCount "133"]
[EventDate "2022.10.03"]
[EventType "team-tourn"]
[EventCountry "AUT"]
[SourceTitle "playchess.com"]
[Source "ChessBase"]
[SourceQuality "1"]
[TimeControl "40/5400+30:1800+30"]

1. c4 e6 2. Nf3 d5 3. d4 c6 4. Nbd2 f5 5. g3 Bd6 6. Bg2 {[%emt 0:00:05] D30: Queen's Gambit Declined: Systems without Nc3.} Nh6 7. Ne5 O-O {[%emt 0:03:13] [#]} 8. Ndf3 $146 {[%emt 0:01:36] White is slightly better.} ({Predecessor:} 8. O-O Nd7 9. Nd3 Qf6 10. Nf3 Nf7 11. Bf4 dxc4 12. Bxd6 Nxd6 13. Nde5 Nb6 14. Rc1 {1-0 (73) Bryakin,M (2434)-Popchev,M (2262) Novi Sad 2021}) 8... Nf7 9. Bf4 Bb4+ 10. Bd2 Bd6 11. Nxf7 Rxf7 12. O-O b6 13. Ne5 ({Better is} 13. b4 $14) 13... Bxe5 $11 14. dxe5 Nd7 15. cxd5 cxd5 16. Bc3 Ba6 17. a4 Qc7 18. Qd2 Qc4 ({Much less strong is} 18... Nxe5 19. Qe3 Nd7 20. Qxe6 $16) 19. Bd4 Qxe2 20. Qxe2 Bxe2 21. Rfc1 {[%emt 0:00:06] Prevents Nc5.} Nc5 22. Ra3 {[%emt 0:04:41] Against Nb3} Rd8 23. Bf1 Bxf1 24. Kxf1 f4 25. Kg2 Rdf8 (25... f3+ $5 26. Rxf3 Rxf3 27. Kxf3 Nb3 $15) 26. f3 h5 27. a5 Rc7 (27... Nd7 $11 {keeps the balance.}) 28. axb6 $1 $16 ({Much weaker is} 28. b4 $6 Na6 29. Rxc7 Nxc7 $11) 28... axb6 29. b4 Na6 30. Rxc7 {[%emt 0:00:04] White is more active.} Nxc7 31. Bxb6 {[%emt 0:00:05][%mdl 4096] Endgame KRB-KRN} Nb5 32. Ra5 Nc3 33. Bc5 ({White should play} 33. Bd4 $1 $16 Ne2 34. Bc5) 33... Rc8 $1 $14 34. gxf4 Kf7 $2 {[%emt 0:00:37] [#]} (34... Ne2 $1 $14) 35. Kf2 $1 $18 d4 {[%emt 0:00:27] [#]} 36. Bxd4 (36. f5 $1 $18 {Ra7+ is the strong threat.} exf5 37. Bxd4) 36... Rc4 $2 (36... Nd5 $16) 37. Bxc3 Rxc3 {[%emt 0:00:03] KR-KR} 38. Kg3 Kg6 39. Ra7 Rb3 $2 (39... Rc1 40. h4 Rg1+ 41. Kh2 Rf1) 40. Rb7 Rb2 41. Re7 $2 (41. b5 $18 Kh6 42. Rb6) 41... Rxb4 $11 {[%emt 0:09:27] The position is equal.} 42. Rxe6+ Kf5 43. Re7 {[%emt 0:05:17] Black must now prevent Rf7+.} h4+ $1 44. Kg2 {[%emt 0:07:12] aiming for Rf7+.} Kxf4 45. e6 {[%emt 0:01:36] Strongly threatening Rf7+.} Kf5 46. Rxg7 {[%emt 0:02:11] And now e7 would win.} (46. Re8 {keeps more tension.} Kf6 47. Kh3 g5 48. e7) 46... Kxe6 47. Rg4 (47. Kh3 $5 ) 47... Rb2+ 48. Kh3 Rf2 49. Rf4 Ke5 50. Rf8 Ke6 51. Kxh4 {[%emt 0:01:35] Hoping for Kg3.} Rxh2+ 52. Kg5 Ke7 53. Ra8 Rg2+ 54. Kf5 Rb2 55. f4 Rb6 56. Kg5 Kf7 57. f5 Rc6 58. Ra7+ Kf8 59. Kf4 Rb6 60. Ke5 Rb5+ 61. Kf6 Rb6+ 62. Kg5 Rc6 63. f6 {[%emt 0:00:32] White threatens Kg6 and mate.} Rc1 64. Kg6 {[%emt 0:00:06] Threatening mate with Ra8+.} Rg1+ 65. Kf5 Rf1+ 66. Kg6 Rg1+ 67. Kf5 {[%emt 0:00:03] Blacks defense is rewarded with a draw.  Weighted Error Value: White=0.24 (precise) /Black=0.27 (precise)} 1/2-1/2

[Event "26th Womens ECCC 2022"]
[Site "Mayrhofen"]
[Date "2022.10.04"]
[Round "2.7"]
[White "Wagner, Dinara"]
[Black "Atalik, Ekaterina"]
[Result "1-0"]
[ECO "E10"]
[WhiteElo "2390"]
[BlackElo "2406"]
[Annotator "TA"]
[PlyCount "79"]
[EventDate "2022.10.03"]
[EventType "team-tourn"]
[EventCountry "AUT"]
[SourceTitle "playchess.com"]
[Source "ChessBase"]
[SourceQuality "1"]
[TimeControl "40/5400+30:1800+30"]

1. d4 Nf6 2. c4 e6 3. Nf3 d5 4. g3 Bb4+ 5. Bd2 Be7 6. Bg2 O-O 7. O-O Nbd7 8. Qc2 Ne4 9. Bf4 $1 {[%emt 0:03:22] 9.Bf4 is better than 9.Nc3.} c6 10. Nc3 g5 {[%emt 0:01:59] [#] aiming for ...Nxc3. E08: Closed Catalan: Main Line: 7 Qc2.} 11. Be3 f5 (11... Nd6 $5 ) 12. Rad1 Bf6 13. Nxe4 fxe4 (13... dxe4 $14 14. Ne5 Qe7) 14. Ne5 Qe7 {[%emt 0:03:56] [#]} (14... Nxe5 $14 15. dxe5 Bxe5) 15. f3 $146 {[%emt 0:03:02] White has more active pieces.} (15. Ng4 $16) ({Predecessor:} 15. Ng4 Bg7 16. Qc1 Rf5 17. f3 h5 18. fxe4 Rxf1+ 19. Rxf1 hxg4 20. cxd5 exd5 21. exd5 {0-1 (32) Pektas,Y (2152)-Garayev,K (2339) Konya 2022}) 15... exf3 (15... Nxe5 $14 16. dxe5 Bxe5) 16. Rxf3 ({Better is} 16. Nxf3 $16 Kh8 17. Bh3) 16... Nxe5 $11 17. dxe5 Bxe5 18. cxd5 exd5 19. Bc5 Bd6 20. Bxd6 Qxd6 21. Rxf8+ Qxf8 22. e4 $1 d4 23. Qc4+ Qf7 24. Qxd4 {[%emt 0:02:32] [#] And now Qd8+ would win.} Bg4 25. Rf1 Qe7 26. e5 Be6 27. Rf6 Bxa2 28. Qe3 Re8 {[%emt 0:01:34] White must now prevent ...Qxf6.} 29. Qxg5+ Kh8 30. h4 Bg8 31. e6 Bxe6 32. Qe5 Kg8 {[%emt 0:00:22] Against Rf8+} 33. h5 ({White should try} 33. Be4 $11 Bg4 34. Qg5+ Kh8 35. Qf4) 33... Bb3 34. Qg5+ Qg7 (34... Kh8 $15) 35. Qf4 {[%emt 0:00:49] The position is equal.} Rf8 36. Rxf8+ Qxf8 37. Qe3 Bf7 38. Qxa7 Bxh5 39. Qxb7 Qc5+ 40. Kh2 {[%emt 0:00:08][%mdl 32768] Weighted Error Value: White=0.15 (very precise) /Black=0.14 (very precise) . Sensor Board Error (Ke4/e5)?} 1-0

[Event "26th Womens ECCC 2022"]
[Site "Mayrhofen"]
[Date "2022.10.04"]
[Round "2.8"]
[White "Efroimski, Marsel"]
[Black "Heinemann, Josefine"]
[Result "1-0"]
[ECO "C77"]
[WhiteElo "2462"]
[BlackElo "2318"]
[Annotator "TA"]
[PlyCount "111"]
[EventDate "2022.10.03"]
[EventType "team-tourn"]
[EventCountry "AUT"]
[SourceTitle "playchess.com"]
[Source "ChessBase"]
[SourceQuality "1"]
[TimeControl "40/5400+30:1800+30"]

1. e4 e5 2. Nf3 Nc6 3. Bb5 a6 4. Ba4 Nf6 5. Nc3 b5 6. Bb3 Bc5 7. Nd5 {[%emt 0:00:04] C77: Ruy Lopez: 3...a6 4 Ba4 Nf6, unusual lines.} d6 8. c3 h6 9. d4 {[%emt 0:02:44] White is slightly better.} Ba7 10. Nxf6+ Qxf6 11. Bd5 Bd7 12. a4 O-O {[%emt 0:13:22][%cal Re5d4] [#]} 13. axb5 $146 ({Predecessor:} 13. Be3 Bb6 14. O-O Rad8 15. axb5 axb5 16. dxe5 dxe5 17. Bxb6 cxb6 18. Qe2 Ne7 19. Qe3 {0-1 (45) Perunovic,M (2567)-Pranav,V (2366) Belgrade 2021}) 13... axb5 14. Be3 {[%emt 0:00:08] Black must now prevent Bxc6.} Qe7 (14... exd4 $11 {keeps the balance.} 15. cxd4 Bb6) 15. O-O $16 {[%emt 0:03:30] White has more active pieces.} Bb6 16. Rxa8 Rxa8 17. dxe5 dxe5 18. Bxb6 ({Worse is} 18. Nxe5 Qxe5 19. Bxf7+ Kxf7 $17) 18... cxb6 19. b4 ({Stronger than} 19. Nxe5 Qxe5 20. Bxf7+ Kxf7 $17) (19. Qd2 $14 {is superior.}) 19... Rc8 20. Qd3 Nd8 21. h3 Ne6 22. Nxe5 {[%emt 0:05:40] aiming for f4.} Nf4 23. Bxf7+ Qxf7 24. Qxd7 Ne2+ (24... Qxd7 $14 25. Nxd7 Rxc3) 25. Kh2 $18 Qxd7 26. Nxd7 Nxc3 27. Nxb6 {[%emt 0:04:50][%mdl 4096] Endgame KRN-KRN} Rb8 28. Nd7 Rd8 29. Nc5 Rd4 30. f3 Rxb4 {[%emt 0:00:12] [#]} 31. Rc1 (31. Ra1 $142 $1) 31... Ne2 32. Nd3 {[%emt 0:02:26] Threatens to win with Rc8+.} Rd4 33. Rc2 Rxd3 34. Rxe2 $16 {[%emt 0:00:04] Hoping for Rb2. KR-KR} b4 (34... Rd7 $16 {was worth a try.} 35. Kg3 Kf7) 35. Rb2 $18 b3 {[%emt 0:00:04] [#]} 36. Kg1 $1 Rc3 37. Kf1 Rc2 (37... h5 $142 38. Ke2 h4) 38. Rxb3 g5 $2 (38... Kf7 39. Rb6 Ke7) 39. Rb7 Ra2 {[%emt 0:00:38] Prevents Ra7.} 40. Kg1 Rc2 41. Kh2 Ra2 42. h4 gxh4 43. Kh3 Re2 44. Re7 Rf2 45. Re5 Kg7 46. Rh5 Kg6 47. Rxh4 h5 48. Rf4 Ra2 49. Rf8 Re2 50. Rg8+ Kh6 51. g4 {[%emt 0:00:00] White mates.} hxg4+ 52. Rxg4 Ra2 53. Kg3 Ra8 54. Kf4 Rf8+ 55. Ke3 Ra8 56. e5 {[%emt 0:00:00] Weighted Error Value: White=0.07 (flawless) /Black=0.28 (precise)} 1-0

[Event "26th Womens ECCC 2022"]
[Site "Mayrhofen"]
[Date "2022.10.04"]
[Round "2.9"]
[White "Danielian, Elina"]
[Black "Sukandar, Irine Kharisma"]
[Result "1/2-1/2"]
[ECO "D02"]
[WhiteElo "2431"]
[BlackElo "2401"]
[Annotator "TA"]
[PlyCount "165"]
[EventDate "2022.10.03"]
[EventType "team-tourn"]
[EventCountry "AUT"]
[SourceTitle "playchess.com"]
[Source "ChessBase"]
[SourceQuality "1"]
[TimeControl "40/5400+30:1800+30"]

1. d4 d5 2. Nf3 Nf6 3. c4 e6 4. e3 a6 5. Nbd2 Be7 6. Bd3 {[%emt 0:03:39] D30: Queen's Gambit Declined: Systems without Nc3.} O-O 7. O-O c5 8. dxc5 {[%emt 0:05:48] White has an edge.} Bxc5 {[%emt 0:01:22] [#]} 9. Qc2 $146 ({Predecessor:} 9. a3 a5 10. b3 Nc6 11. Bb2 Qe7 12. Qc2 dxc4 13. Nxc4 h6 14. Nfe5 Nxe5 15. Nxe5 {1-0 (68) Saeed,I (2312)-Perez Ponsa,F (2585) Doha 2016}) 9... Nbd7 10. cxd5 exd5 11. b3 b6 12. Bb2 Bb7 13. Rac1 Re8 14. Bf5 h6 15. Rfd1 Qe7 16. Qb1 Rad8 17. Qa1 g6 18. Bxd7 Nxd7 19. Nf1 (19. Bh8 $2 f6 20. b4 Bd6 21. Bxf6 Qxf6 $19) 19... Rc8 20. Ng3 (20. Bh8 $2 f6 21. Qb1 Qf7 22. Bxf6 Nxf6 $19) 20... a5 21. h3 (21. Bh8 $2 f6 22. Qb1 Qf7 23. Bxf6 Nxf6 $19) 21... a4 22. Qb1 (22. Bh8 $2 f6 23. Bxf6 Nxf6 $19) 22... a3 23. Ba1 Bd6 24. Ne2 d4 25. Rxc8 (25. Rxd4 $6 Be4 26. Rxc8 Bxb1 $11) (25. Bxd4 Rxc1 26. Nxc1 (26. Qxc1 Rc8 $11) (26. Rxc1 Be4 $14) 26... Bxf3 27. gxf3 Qh4 $11) 25... Rxc8 26. Rxd4 (26. Bxd4 Be4 27. Qa1 Bxf3 28. gxf3 Qg5+ 29. Kf1 Qh4 $17) 26... Ne5 27. Ne1 Nc6 28. Rd1 (28. Rd2 $1 $16) 28... Nb4 $14 29. Rd2 Be5 30. Qd1 Bxa1 31. Qxa1 Qe4 32. Ng3 Qc6 33. Qd4 (33. Kh2 $16) 33... Qc3 34. Qxc3 Rxc3 35. Ne2 {[%emt 0:00:09] Against Rc1} Rc7 36. f3 Ba6 37. Kf2 Kg7 38. h4 (38. Nd4 $16) 38... h5 (38... Bxe2 $14 39. Kxe2 Rc3) 39. e4 Kf8 (39... Bxe2 $14 40. Kxe2 Kf6) 40. Ke3 (40. Nd4 $16) 40... Ke8 ({Black should try} 40... Bxe2 $14 41. Kxe2 Rc1) 41. Nd4 $1 $16 Rc3+ 42. Kf4 Bf1 (42... f6 $16 43. Kg3 Ke7) 43. Nec2 $18 Nxa2 44. Nxa3 ({Wrong is} 44. Ne3 $2 Nc1 45. Nxf1 a2 46. Rxa2 Nxa2 $19) (44. Rd1 $142 $1 Bd3 45. Ra1 (45. Nxa3 Kf8 $14) 45... Bxc2 46. Rxa2) 44... Nc1 $16 45. Rc2 Rc5 46. Ke3 Nd3 47. g3 Nb4 48. Rxc5 bxc5 {[%emt 0:00:02][%mdl 4096] Endgame KBN-KNN} 49. Ndc2 Nc6 50. Nc4 Ke7 {[%emt 0:02:58] Against Nd6} 51. Kf2 Bd3 52. N2e3 Nd4 53. Nd5+ Kf8 54. Ne5 {[%emt 0:00:41] Pair of Knights!} Bb5 55. b4 $1 cxb4 56. Nxb4 Kg7 57. Ke3 Ne6 58. f4 Bf1 59. Nd5 {[%emt 0:00:48] Strongly threatening f5.} Bg2 60. Nc3 Nc5 61. Nc4 Bf1 62. Nd2 Ba6 63. Nf3 Nd7 64. Nd5 Nc5 65. Kd4 Nb3+ 66. Ke3 Nc5 67. f5 Bb7 (67... gxf5 $16 68. exf5 Nd7) 68. fxg6 $18 f5 69. Nf4 (69. Nd4 $18) 69... Nxe4 $16 70. Nxh5+ $2 ({White should play} 70. Ne5 $1 $16) 70... Kxg6 $11 71. Nf4+ Kh6 72. Ne2 Ba6 73. Nfd4 Kg6 $2 {[%emt 0:00:59][%mdl 8192] [#]} (73... Kh5 $1 $11 {and Black stays safe.}) 74. Nf4+ $1 $18 Kf6 75. g4 $1 Bc8 {[%emt 0:00:30] [#]} 76. g5+ $2 ({Worse is} 76. Nxf5 Bxf5 77. Nh5+ (77. gxf5 Kxf5 78. h5 Nf6 $11) 77... Kg6 $11) (76. Nc6 $1 $18) 76... Nxg5 $1 $11 {[%emt 0:00:36] The position is equal.} 77. Nd5+ Ke5 78. hxg5 {[%emt 0:00:46] And now Nf4 would win.} Kxd5 79. g6 {[%emt 0:00:05] Hoping for g7.} f4+ 80. Kd3 {[%emt 0:00:53] Black must now prevent g7.} Be6 81. g7 Bg8 82. Nf3 Ke6 83. Ke4 {[%emt 0:00:06] Weighted Error Value: White=0.11 (very precise) /Black=0.12 (very precise)} 1/2-1/2

[Event "26th Womens ECCC 2022"]
[Site "Mayrhofen"]
[Date "2022.10.04"]
[Round "2.10"]
[White "Houska, Jovanka"]
[Black "Ushenina, Anna"]
[Result "1/2-1/2"]
[ECO "D26"]
[WhiteElo "2354"]
[BlackElo "2445"]
[Annotator "TA"]
[PlyCount "81"]
[EventDate "2022.10.03"]
[EventType "team-tourn"]
[EventCountry "AUT"]
[SourceTitle "playchess.com"]
[Source "ChessBase"]
[SourceQuality "1"]
[TimeControl "40/5400+30:1800+30"]

1. d4 d5 2. c4 dxc4 3. e3 Nf6 4. Bxc4 e6 5. Nf3 c5 6. O-O Nc6 7. a3 a6 8. dxc5 Qxd1 9. Rxd1 Bxc5 10. b4 Be7 11. Bb2 b5 12. Be2 Bb7 13. Nbd2 O-O 14. Rac1 {[%emt 0:02:56] D27: Queen's Gambit Accepted: Classical main line: 7 e4!? and 7 a4.} Rfd8 15. Nb3 Rxd1+ 16. Bxd1 {[%emt 0:01:05] White has an edge.} Nd7 17. Nfd2 Rc8 18. Bf3 {[%emt 0:01:52] [#]} Kf8 $146 ({Predecessor:} 18... f6 19. Ne4 Kf8 20. Nec5 Nxc5 21. Nxc5 Bxc5 22. Rxc5 Nd8 23. Rxc8 Bxc8 24. Be4 Kf7 {½-½ (33) Drozdovskij,Y (2620)-Anastasian,A (2566) Abu Dhabi 2009}) 19. Kf1 g6 20. g3 h5 21. h4 Bd6 22. Ne4 Be5 23. Bxe5 Ncxe5 24. Rxc8+ Bxc8 25. Be2 {[%emt 0:03:11] next Nd6 is good for White.} Bb7 26. Nc3 Bf3 27. Bxf3 Nxf3 $11 {[%emt 0:00:02][%mdl 4096] Endgame KNN-KNN} 28. a4 bxa4 29. Nxa4 Nfe5 30. Nac5 Nb8 $1 31. Nd4 Ke7 32. Ke2 Kd6 33. Kd2 Ng4 34. f3 Nf6 35. e4 Nfd7 36. Ndb3 e5 37. Kc3 Kc6 38. Kc4 Nb6+ {[%emt 0:00:07] The position is equal.} 39. Kc3 N6d7 40. Kc4 Nb6+ 41. Kc3 {[%emt 0:30:02] Not much happened in this game.  Weighted Error Value: White=0.03 (flawless) /Black=0.01 (flawless)} 1/2-1/2

[Event "26th Womens ECCC 2022"]
[Site "Mayrhofen"]
[Date "2022.10.04"]
[Round "2.11"]
[White "Osmak, Yuliia"]
[Black "Arakhamia-Grant, Ketevan"]
[Result "1-0"]
[ECO "E73"]
[WhiteElo "2428"]
[BlackElo "2333"]
[Annotator "TA"]
[PlyCount "53"]
[EventDate "2022.10.03"]
[EventType "team-tourn"]
[EventCountry "AUT"]
[SourceTitle "playchess.com"]
[Source "ChessBase"]
[SourceQuality "1"]
[TimeControl "40/5400+30:1800+30"]

1. d4 Nf6 2. c4 g6 3. Nc3 Bg7 4. e4 d6 5. Be2 O-O 6. Be3 e5 7. d5 Na6 8. g4 {[%emt 0:00:32] White is more active. E73: King's Indian: Averbakh Variation without 6...c5.} Nc5 9. f3 h5 {[%emt 0:02:34] now supersedes 9...a5.} 10. h4 (10. g5 $14) 10... hxg4 $11 11. b4 Na6 {[%emt 0:06:27] Strongly threatening ...g3.} 12. fxg4 Nxb4 (12... Qd7 $1 $11 {keeps the balance.}) 13. h5 $1 $16 {[%emt 0:01:10] [#]} Nh7 $146 ({Predecessor:} 13... c6 14. g5 Nh7 15. hxg6 fxg6 16. c5 Qa5 17. Qb3 cxd5 18. a3 dxc5 19. Bd2 Qb6 {0-1 (35) Schekachikhin,M (2448)-Sargsyan,S (2640) Tsaghkadzor 2021}) 14. Qd2 {[%emt 0:14:21][%mdl 1024] White has strong compensation.} a5 {[%emt 0:29:56] [#]} ({Black should play} 14... gxh5 15. Rxh5 Na6) 15. g5 $1 ({Reject} 15. a3 $6 Na6 $11) 15... b6 {[%emt 0:17:36] [#]} (15... Rb8 $16) 16. O-O-O $1 $18 Qe7 17. Nf3 Rd8 18. Nh4 Nf8 (18... gxh5 19. Bxh5 Qd7 20. Rdf1 $18) 19. Rdf1 Bd7 20. Bd1 {[%emt 0:10:10] White is clearly winning.} Rdb8 21. h6 Bh8 22. h7+ Nxh7 23. Qh2 {[%emt 0:00:08][%cal Oh4f5] White threatens Nf5! and mate.} f5 24. gxf6 Bxf6 25. Nxg6 Qg7 26. Rhg1 {[%emt 0:00:47][%cal Og6e7] Ne7+! would kill now.} Re8 {[%emt 0:01:03] Inhibits Ne7+.} 27. Bh6 {[%emt 0:00:47] Weighted Error Value: White=0.04 (flawless) /Black=0.47} 1-0

[Event "26th Womens ECCC 2022"]
[Site "Mayrhofen"]
[Date "2022.10.04"]
[Round "2.12"]
[White "Hunt, Harriet V"]
[Black "Maltsevskaya, Aleksandra"]
[Result "0-1"]
[ECO "C70"]
[WhiteElo "2359"]
[BlackElo "2389"]
[Annotator "TA"]
[PlyCount "102"]
[EventDate "2022.10.03"]
[EventType "team-tourn"]
[EventCountry "AUT"]
[SourceTitle "playchess.com"]
[Source "ChessBase"]
[SourceQuality "1"]
[TimeControl "40/5400+30:1800+30"]

1. e4 e5 2. Nf3 Nc6 3. Bb5 a6 4. Ba4 Bc5 5. c3 Nge7 6. d4 {[%emt 0:01:30] C70: Ruy Lopez: 3...a6 4 Ba4, Norwegian and Delayed Schliemann.} exd4 7. cxd4 Bb4+ 8. Nc3 {[%emt 0:00:34] White is slightly better.} d5 9. O-O dxe4 10. Nxe4 O-O 11. a3 Bd6 12. h3 Bf5 13. Re1 {[%emt 0:02:23] [#]} h6 $146 {[%emt 0:06:07] Prevents Bg5.} ({Predecessor:} 13... Bg6 14. Bg5 f6 15. Nxd6 Qxd6 16. Bh4 Bf7 17. Bg3 Qd7 18. Rc1 Rad8 19. b4 Nf5 {1-0 (80) Kiolbasa,O (2376)-Vaishali,R (2442) Chennai 2022}) 14. Bd2 Qd7 15. Qc1 ({Much weaker is} 15. Nxd6 Qxd6 16. Bb3 Rad8 $11) 15... Bxh3 {[%emt 0:22:17] White must now prevent ...Qg4.} 16. Bxh6 ({Worse is} 16. Nxd6 Qg4 17. Nh4 cxd6 $17) ({White should try} 16. Bxc6 $14 Nxc6 17. gxh3 (17. Nxd6 Qg4 $17)) 16... Qg4 {[%emt 0:04:58][%csl Gh3][%cal Rg4g2] Chess con chili.} 17. Qg5 {[%emt 0:02:29] White wants to mate with Nf6+.} Qxg2+ 18. Qxg2 Bxg2 19. Kxg2 {[%emt 0:01:01] Threatens to win with Bg5.} gxh6 20. Bxc6 Nxc6 21. Rh1 Kg7 22. Rag1 {[%emt 0:01:09] White threatens Kf1+ and mate.} Rh8 23. Kf1+ Kf8 24. Rh4 (24. Rg5 $11) 24... Rd8 $1 $17 25. Nc3 {[%emt 0:05:26] [#]} Be7 $1 26. Rf4 Bg5 $1 27. Nxg5 hxg5 28. Rxg5 Nxd4 {[%emt 0:01:10] ...Ne6 is the strong threat.} 29. Rd5 Rxd5 30. Nxd5 {[%emt 0:00:04][%mdl 4096] Endgame KRN-KRN} Ne6 31. Rb4 b5 32. Kg2 {[%emt 0:02:54] Against Rh1} Rh5 33. Ne3 Ke7 34. Re4 f5 ({Black should play} 34... Kd6 $19 {And now ...f5 would win.} 35. Rg4 a5) 35. Nd5+ $1 $15 Kf7 36. Re5 c6 37. Nb4 Kf6 38. Nxc6 Nf4+ (38... Rh7 $5 39. Re1 Nf4+ 40. Kf3 Nd3 $17) 39. Kg3 $2 {[%emt 0:02:19][%mdl 8192] [#] Loses the game.} (39. Kf3 $11) 39... Kg5 $1 $19 40. f3 Rh3+ 41. Kf2 Nd3+ 42. Ke3 Nxe5 43. Nxe5 {[%emt 0:00:07] KR-KN} Rh2 44. Nd3 f4+ 45. Nxf4 Rxb2 46. Ne6+ Kf6 47. Nc5 Ra2 48. a4 bxa4 49. Kd4 a3 50. Kc3 Rb2 51. Nxa6 Rb6 {[%emt 0:00:00] Weighted Error Value: White=0.64/Black=0.11 (very precise)} 0-1

[Event "26th Womens ECCC 2022"]
[Site "Mayrhofen"]
[Date "2022.10.04"]
[Round "2.13"]
[White "Buksa, Nataliya"]
[Black "Mammadzada, Gunay"]
[Result "1/2-1/2"]
[ECO "B22"]
[WhiteElo "2413"]
[BlackElo "2483"]
[Annotator "TA"]
[PlyCount "121"]
[EventDate "2022.10.03"]
[EventType "team-tourn"]
[EventCountry "AUT"]
[SourceTitle "playchess.com"]
[Source "ChessBase"]
[SourceQuality "1"]
[TimeControl "40/5400+30:1800+30"]

1. e4 c5 2. c3 Nf6 3. e5 Nd5 4. d4 cxd4 5. Nf3 d6 6. cxd4 Nc6 7. Bc4 dxe5 8. dxe5 Be6 {[%emt 0:00:15][%cal Od5f4] B22: Sicilian: 2 c3.} 9. O-O g6 10. Ng5 Bg7 {[%emt 0:00:05] The position is equal.} 11. Nxe6 fxe6 12. f4 O-O 13. Qe2 (13. Nc3 $14) 13... Qb6+ 14. Kh1 $1 Rad8 15. Nc3 Nd4 {[%emt 0:09:17] Pair of Knights!} 16. Qe4 Qc5 {[%emt 0:03:19] [#]} 17. Bxd5 $146 (17. Bd3 $1 $11 {keeps the balance.}) ({Predecessor:} 17. Bd3 Nf5 18. Bd2 Nde3 19. Bxe3 Nxe3 20. Rf3 Nf5 21. Qe1 Bh6 22. Bxf5 Rxf5 23. Qh4 {1-0 (46) Pap,M (2507)-Jankovic,A (2586) Rethymno 2011}) 17... exd5 $17 18. Qd3 {[%emt 0:00:35] Hoping for Be3.} Qc4 $36 {[%emt 0:03:58][%mdl 2048] White is under strong pressure.} 19. Qxc4 dxc4 20. Kg1 b5 21. g3 g5 22. Kg2 b4 23. Ne4 gxf4 24. Bxf4 Ne6 25. Rf2 Rd4 26. Re1 Rf5 (26... a6 $17) 27. Be3 $11 Rxf2+ 28. Bxf2 Rd7 29. Rc1 Rc7 30. Nd2 ({White should try} 30. Be1 $15) 30... c3 $17 (30... Bxe5 $6 31. Rxc4 Bxb2 32. Rxc7 (32. Rxb4 Rc2 $11) 32... Nxc7 33. Bxa7 $11) 31. bxc3 Rxc3 (31... Bh6 $1 $17 32. Rc2 Rxc3) 32. Nb3 $11 a5 (32... Bxe5 33. Re1 Bd6 34. Rxe6 $14) 33. Rb1 {[%emt 0:01:15] [#]} (33. Rxc3 $1 $11 bxc3 34. Kf3) 33... a4 $1 $17 ({Much worse is} 33... Bxe5 $6 34. Re1 a4 35. Na1 $11 (35. Rxe5 axb3 36. axb3 Kf7 $11)) (33... Rc2 $6 34. Nxa5 Bxe5 35. Kf1 $11) 34. Na5 ({Don't blunder} 34. Nd4 $2 Nxd4 35. Bxd4 Rc4 $19) 34... Rc2 35. Rxb4 Bxe5 36. Kf1 $1 Rxa2 {[%emt 0:02:31] ...Bc3 is the strong threat.} 37. Re4 Bc3 38. Rxe6 {[%emt 0:00:53] Black must now prevent Nc4.} Bxa5 39. Rxe7 $15 {[%emt 0:00:03][%mdl 4096] Endgame KRB-KRB} a3 {[%emt 0:00:50][%cal Oa2f2] And now ...Rxf2+! would win.} 40. Re4 {[%emt 0:02:46] [#]} Rc2 (40... Rb2 $1 $17 41. Ra4 Bb4) 41. Ra4 $11 a2 42. Rxa5 {[%emt 0:00:00] KRB-KR} Rc1+ 43. Kg2 a1=Q 44. Rxa1 Rxa1 {[%emt 0:00:00] KR-KB} 45. Kf3 Kf7 46. Be3 Ra2 47. h4 Rh2 48. Bf4 h5 49. Bb8 (49. g4 $1 $11 Rxh4 50. gxh5) 49... Rb2 $17 {[%emt 0:00:00] Black is better.} 50. Bc7 Rb4 {[%emt 0:00:00] Prevents g4.} 51. Bd6 Ra4 52. Bc7 Ke6 53. Bb8 Kf5 54. Bd6 Rc4 55. Bb8 Rc3+ 56. Kg2 Kg4 57. Bd6 Rc2+ 58. Kg1 Kf3 59. Be5 Re2 60. Bf4 Re1+ 61. Kh2 {[%emt 0:00:00] Weighted Error Value: White=0.13 (very precise) /Black=0.10 (very precise)} 1/2-1/2